 Dungeon Crawl Stone Soup version 0.17-a0-1078-g243345b (webtiles) character file.

18 RobertPalmer the Slasher (level 2, -11/28 HPs)
             Began as a Naga Chaos Knight on May 19, 2015.
             Mangled by a small abomination (13 damage)
             ... on level 1 of the Abyss.
             The game lasted 00:01:34 (200 turns).

RobertPalmer the Slasher (Naga Chaos Knight)         Turns: 200, Time: 00:01:35

Health: -11/28     AC:  4    Str: 14    XL:     2   Next: 66%
Magic:  2/2        EV:  9    Int: 12    God:    Xom [....*.]
Gold:   57         SH:  0    Dex: 10    Spells: 0 memorised, 1 level left

rFire  . . .     SeeInvis +     a - +0 falchion (chaos)
rCold  . . .     Clarity  .     b - +2 leather armour
rNeg   . . .     SustAb   .     (no shield)
rPois  +         Gourm    .     (no helmet)
rElec  .         Spirit   .     (no cloak)
rCorr  .         Warding  .     (no gloves)
rMut   .         Stasis   .     (no barding)
MR     .....                    (no amulet)
Stlth  +.........               (no ring)
                                (no ring)

@: very slow, not resistant to hostile enchantments, very unstealthy
A: see invisible, deformed body, poison resistance, slowness 2, slow metabolism
1, spit poison 2, AC +0
a: Spit Poison, Renounce Religion


You were on level 1 of the Abyss.
You worshipped Xom.
You were a beloved toy of Xom.
You were not hungry.

You visited 1 branch of the dungeon, and saw 1 of its levels.
You visited the Abyss 1 time.

You collected 57 gold pieces.

Inventory:

Hand weapons
 a - a +0 falchion of chaos (weapon)
Armour
 b - a +2 leather armour (worn)
Comestibles
 c - a bread ration {@e1}
 d - a royal jelly


   Skills:
 - Level 3.0 Fighting
 + Level 3.9 Long Blades
 - Level 1.5 Armour
 - Level 0.7 Dodging


You had one spell level left.
You didn't know any spells.

Dungeon Overview and Level Annotations

Branches:
Dungeon (1/15)

Altars:


Innate Abilities, Weirdness & Mutations

You cannot wear boots.
Your serpentine skin is tough (AC +0).
You have supernaturally acute eyesight.
Armour fits poorly on your strangely shaped body.
Your system is resistant to poisons.
You cover ground very slowly.
You have a slow metabolism.
You can spit poison.


Message History

You kill the jackal!
You have reached level 2!
The ooze hits you but does no damage.
You regained 2 hp, and now have 10/28 hp.
MP restored: 2 You hit the ooze.
The ooze closely misses you.
You hit the ooze.
The ooze twitches.
The ooze closely misses you.
You hit the ooze.
You kill the ooze!
The jackal closely misses you.
You hit the jackal.
You kill the jackal!
You hit the worm. You drain the worm! The worm barely misses you.
You hit the worm.
The worm suddenly stops moving!
Unknown command.
The helpless worm fails to defend itself.
You slash the worm!
The helpless worm fails to defend itself.
You hit the worm. You freeze the worm.
The worm is no longer paralysed.
The worm bites you!
* * * LOW HITPOINT WARNING * * *
A shower of butterflies erupts from you!
You take 7 damage, and have 4/28 hp.
MASSIVE DAMAGE!!
You swap places.
Unknown command.
The ooze completely misses your butterfly.
The worm misses your butterfly.
Unknown command.
The ooze closely misses your butterfly. The ooze closely misses your butterfly.
The ooze misses your butterfly.
The worm completely misses your butterfly.
There is a fountain of clear blue water here.
You open the door.
There is an open door here.
Xom's power touches on you for a moment.
You are cast into the Abyss!
To return, you must find a gate leading back.
Welcome to the Abyss!
You sense a powerful magical force warping space.
Unknown command.
There is an open door here.
There is a fountain of clear blue water here.
You now have 57 gold pieces.
d - a royal jelly
Found a gateway leading deeper into the Abyss.
e - a scroll labeled YTEODUA ODOU Read which item? (? for menu, Esc to quit)
As you read the scroll labeled YTEODUA ODOU, it crumbles to dust.
It is a scroll of identify.
You don't have any unidentified items.
An ufetubus comes into view.
The ufetubus shouts!
The ufetubus hits you.
* * * LOW HITPOINT WARNING * * *
The ufetubus hits you but does no damage.
You take 2 damage, and have 8/28 hp.
Unknown command.
You closely miss the ufetubus. The ufetubus barely misses you.
The ufetubus barely misses you.
You completely miss the ufetubus. The ufetubus barely misses you.
The ufetubus closely misses you. The ufetubus hits you.
* * * LOW HITPOINT WARNING * * *
The ufetubus hits you.
* * * LOW HITPOINT WARNING * * *
You take 2 damage, and have 6/28 hp.
Your leather armour prevents you from hitting the ufetubus.
The ufetubus barely misses you. The ufetubus hits you.
* * * LOW HITPOINT WARNING * * *
The ufetubus barely misses you.
The ufetubus hits you but does no damage.
You take 4 damage, and have 2/28 hp.
Unknown command.
You hit the ufetubus. You burn the ufetubus.
You kill the ufetubus!
You start resting.
A small abomination comes into view.
A small abomination is nearby!
A small abomination is nearby!
You regained 8 hp, and now have 10/28 hp.
Unknown command. "This might be better!"
The small abomination flickers and vanishes for a moment.
You are now a beloved toy of Xom.
The small abomination barely misses you.
The small abomination closely misses you.
The small abomination closely misses you.
The small abomination hits you!
* * * LOW HITPOINT WARNING * * *
You take 8 damage, and have 3/28 hp.
MASSIVE DAMAGE!!
You barely miss the small abomination. The small abomination hits you!
You die... "Not here, not now."
Xom revives you!
You take 1 damage, and have 2/28 hp.
Unknown command.
You barely miss the small abomination. The small abomination hits you!
You die...
Xom snickers!

## .. . .
. .# . ###
# . ###.##
..##....#
. #
#.......##
#...#.#.#
...#.
#.#x# . .#
# .#.@# .
.# ####.#
# # #..
#.#. ###.#
..$ . ..
#.


You could see a small abomination (invisible).

Vanquished Creatures
  An ufetubus (Abyss:1)
  An ooze (D:1)
  A giant cockroach (D:1)
  5 jackals (D:1)
  2 rats (D:1)
10 creatures vanquished.

Notes
Turn   | Place    | Note
--------------------------------------------------------------
     0 | D:1      | RobertPalmer the Naga Chaos Knight began the quest for the Orb.
     0 | D:1      | Reached XP level 1. HP: 21/21 MP: 1/1
     1 | D:1      | Found a runed door.
     7 | D:1      | XOM: silly message
    14 | D:1      | XOM: silly message
    20 | D:1      | XOM: smoke on damage
    38 | D:1      | Reached XP level 2. HP: 10/28 MP: 2/2
    46 | D:1      | HP: 4/28 [worm (7)]
    46 | D:1      | XOM: butterfly on damage
    54 | D:1      | XOM: medium Tloc miscast
    54 | D:1      | Cast into the Abyss (the capriciousness of Xom)
   101 | Abyss:1  | HP: 6/28 [ufetubus (2)]
   102 | Abyss:1  | HP: 2/28 [ufetubus (4)]
   194 | Abyss:1  | Noticed a small abomination
   194 | Abyss:1  | XOM: enchant monster (bad)
   198 | Abyss:1  | HP: 3/28 [small abomination (8)]
   199 | Abyss:1  | Xom revived you
   200 | Abyss:1  | Mangled by a small abomination

Vault maps used:
D:1:      dpeg_arrival_caged_fury
Abyss:1:  minivault_4

Action                   || total
-------------------------++-------
Melee: Falchion          ||    42
  Use: Scroll            ||     1
 Stab: Paralysed         ||     4

Vault maps used:
D:1:      dpeg_arrival_caged_fury
Abyss:1:  minivault_4

Table legend:
 A = Turns spent in this place as a percentage of turns spent in the entire game.
 B = Non-inter-level travel turns spent in this place as a percentage of non-inter-level travel turns spent in the entire game.
 C = Inter-level travel turns spent in this place as a percentage of turns spent in this place.
 D = Turns resting spent in this place as a percentage of non-inter-level travel turns spent in this place.
 E = Turns spent auto-exploring this place as a percentage of non-inter-level travel turns spent in this place.
 F = Non-inter-level travel turns spent in this place divided by the number of levels of this place that you've seen.
                   A       B       C       D       E      F
               +-------+-------+-------+-------+-------+----------------------
         Total | 100.0 | 100.0 |   0.0 |   1.5 |   0.0 |  67.0
       Dungeon |  47.8 |  47.8 |   0.0 |   0.0 |   0.0 |  64.0
         Abyss |  52.2 |  52.2 |   0.0 |   2.9 |   0.0 |  70.0
               +-------+-------+-------+-------+-------+----------------------

Table legend:
 A = Kills in this place as a percentage of kills in entire the game.
 B = Kills by you in this place as a percentage of kills by you in the entire game.
 C = Kills by friends in this place as a percentage of kills by friends in the entire game.
 D = Other kills in this place as a percentage of other kills in the entire game.
 E = Experience gained in this place as a percentage of experience gained in the entire game.
 F = Experience gained in this place divided by the number of levels of this place that you have seen.
                   A       B       C       D       E      F
               +-------+-------+-------+-------+-------+----------------------
         Total | 100.0 | 100.0 |  -nan |  -nan | 100.0 |  13.0
       Dungeon |  90.0 |  90.0 |  -nan |  -nan |  69.2 |  18.0
         Abyss |  10.0 |  10.0 |  -nan |  -nan |  30.8 |   8.0
               +-------+-------+-------+-------+-------+----------------------
